 Dungeon Crawl Stone Soup version 0.31-a0-1-g4198be8af4 (webtiles) character file.

Game seed: 14958982944143074136

427 Ahpoh the Slasher (level 6, 0/32 HPs)
             Began as a Vine Stalker Warper on May 2, 2023.
             Slain by a vampire (5 damage)
             ... on level 5 of the Dungeon.
             The game lasted 00:11:33 (3783 turns).

Ahpoh the Slasher (Vine Stalker Warper)             Turns: 3783, Time: 00:11:34

Health: 0/32       AC: 11    Str: 13    XL:     6   Next: 97%
Magic:  0/19       EV:  7    Int: 13    God:
Gold:   157        SH:  0    Dex: 16    Spells: 8/10 levels left

rFire   . . .        a - +0 falchion
rCold   . . .        (no shield)
rNeg    . . .        l - +0 chain mail
rPois   .            o - +0 helmet
rElec   .            f - +0 cloak
rCorr   .            (no gloves)
SInv    .            (no boots)
Will    .....        (no amulet) Stlth
                     g - ring of magical power
HPRegen 1.05/turn    (no ring)
MPRegen 0.16/turn

%: guardian spirit
@: no status effects
A: fangs 2, regeneration 1, magic shield, antimagic bite, no potion heal 2
a: no special abilities


You were on level 5 of the Dungeon.
You visited 1 branch of the dungeon, and saw 5 of its levels.

You collected 157 gold pieces.

Inventory:

Hand Weapons
 a - a +0 falchion (weapon)
Missiles
 d - 7 boomerangs of dispersal (quivered)
Armour
 b - an orb of guile
 f - a +0 cloak (worn)
 l - a +0 chain mail (worn)
 o - a +0 helmet (worn)
Jewellery
 g - a ring of magical power (left hand)
Scrolls
 c - a scroll of blinking
 h - a scroll of magic mapping
 i - 2 scrolls of enchant weapon {unknown}
 j - 4 scrolls of identify
 k - a scroll of vulnerability {unknown}
 p - a scroll of brand weapon {unknown}
 r - a scroll of teleportation {unknown}
Potions
 e - a potion of invisibility {unknown}
 m - a potion of degeneration {unknown}
 n - a potion of lignification {unknown}
 q - a potion of attraction {unknown}
 s - 3 potions of brilliance {unknown}
 t - a potion of resistance {unknown}


   Skills:
 + Level 3.1 Fighting
 + Level 4.6 Long Blades
 + Level 0.8 Throwing
 + Level 2.3 Armour
 + Level 2.2 Dodging
 + Level 0.7 Stealth
 + Level 2.5 Spellcasting
 + Level 3.2 Translocations


You had 8 spell levels left.
You knew the following spells:

 Your Spells              Type           Power      Damage    Failure   Level
a - Blink                 Tloc           18%        N/A       89%         2

Your spell library contained the following spells:

 Spells                   Type           Power      Damage    Failure   Level
 Lesser Beckoning         Tloc           18%        N/A       89%         2
 Teleport Other           Tloc           9%         N/A       98%         3
 Beastly Appendage        Tmut           2%         N/A       99%         1
 Wereblood                Tmut           1%         N/A       100%        2
 Spider Form              Tmut/Pois      1%         N/A       100%        3
 Vhi's Electric Charge    Tloc/Air       10%        N/A       100%        3
 Manifold Assault         Tloc           9%         N/A       100%        4


Dungeon Overview and Level Annotations

Branches:
Dungeon (5/15)
 Temple: D:4-7

Altars:
Wu Jian
Xom
Zin

Shops:
D:2 (


Innate Abilities, Weirdness & Mutations

You have extremely sharp teeth.
Your natural rate of healing is unusually fast.
When hurt, damage is shared between your health and your magic reserves.
Your bite disrupts and absorbs the magic of your enemies.
Potions cannot restore your health.


Message History

The vampire barely misses you.
You hit the vampire.
The vampire is lightly damaged.
You are no longer locked in place.
The vampire hits you but does no damage.
The vampire bites you but does no damage.
You barely miss the vampire. You bite the vampire.
The vampire's magic leaks into the air.
You drain its magic.
You feel invigorated.
The vampire is lightly damaged.
The vampire hits you. The vampire bites you.
The vampire draws strength from your injuries!
You barely miss the vampire. You bite the vampire, but do no damage.
The vampire is lightly damaged.
The vampire's magic is no longer disrupted.
The vampire hits you.
The vampire bites you but does no damage.
You hit the vampire but do no damage. You bite the vampire, but do no damage.
The vampire is lightly damaged.
The vampire barely misses you. The vampire bites you!
The vampire draws strength from your injuries!
The vampire hits you. The vampire bites you.
The vampire draws strength from your injuries!
Your magical contamination has completely faded away.
You slash the vampire! You bite the vampire, but do no damage.
The vampire is moderately damaged.
The vampire mumbles some strange words.
The vampire flickers and vanishes!
Deactivating autopickup; reactivate with Ctrl-A.
You closely miss something. Your bite misses something. Something hits you!
Something bites you but does no damage.
You hit something. You bite something. Something hits you. Something bites you!
* * * LOW HITPOINT WARNING * * *
Something draws strength from your injuries!
You barely miss something. Your bite misses something.
Something hits you but does no damage. Something bites you.
* * * LOW HITPOINT WARNING * * *
Something draws strength from your injuries!
You hit something. You bite something. Something hits you!
You die...

........>#
.........#
.........#
........#
#......#
#......#
#....{.#
#....@.#
#......#
.#......###
#+#
#.........#
#######.#
#.........#
#.....#.#
#.........#
..###.#.#
#.........#
..#.#.#.#
#.........#
####.<#^#
#.........#


There were no monsters in sight!

Vanquished Creatures
  A centaur (D:3)
  A scorpion (D:4)
  A hound (D:4)
  2 jellies
  Crazy Yiuf (D:4)
  An iguana (D:4)
  An orc wizard (D:4)
  4 adders
  A worm (D:2)
  6 dart slugs
  8 orcs
  4 endoplasms
  2 giant cockroaches
  3 goblins
  3 hobgoblins (D:1)
  6 quokkas
  8 ball pythons
  7 bats
  2 frilled lizards
  8 kobolds
  4 rats
74 creatures vanquished.

Vanquished Creatures (others)
  4 plants (D:1)
4 creatures vanquished.

Grand Total: 78 creatures vanquished

Notes
Turn   | Place    | Note
-------+----------+-------------------------------------------
     0 | D:1      | Ahpoh the Vine Stalker Warper began the quest for the Orb.
     0 | D:1      | Reached XP level 1. HP: 11/11 MP: 4/4
    67 | D:1      | Reached skill level 2 in Long Blades
    67 | D:1      | Reached XP level 2. HP: 10/15 MP: 6/6
   180 | D:1      | Found a faded altar of an unknown god.
   260 | D:1      | Learned a level 2 spell: Blink
   513 | D:1      | Reached XP level 3. HP: 18/18 MP: 7/7
   853 | D:2      | Reached skill level 1 in Armour
   878 | D:2      | Found Susupos's Weapon Shoppe.
  1191 | D:2      | Gained mutation: Your natural rate of healing is unusually
                  | fast. [Vine Stalker growth]
  1191 | D:2      | Reached XP level 4. HP: 23/23 MP: 8/8
  1477 | D:3      | Found a large runed translucent door.
  1480 | D:3      | Found a large runed translucent door.
  1480 | D:3      | Found a shimmering altar of Xom.
  1482 | D:3      | You fall into a shaft and drop 1 floor!
  1614 | D:4      | Reached skill level 3 in Long Blades
  1691 | D:4      | Noticed a scorpion
  1772 | D:4      | Killed a scorpion
  1773 | D:4      | Reached XP level 5. HP: 26/26 MP: 9/9
  2014 | D:4      | Reached skill level 4 in Long Blades
  2019 | D:4      | Reached XP level 6. HP: 32/32 MP: 10/10
  3124 | D:4      | Found a runed translucent door.
  3125 | D:4      | Noticed Crazy Yiuf
  3136 | D:4      | Killed Crazy Yiuf
  3547 | D:4      | Found an ornate altar of the Wu Jian Council.
  3677 | D:5      | Entered Level 5 of the Dungeon
  3707 | D:5      | Found a glowing silver altar of Zin.
  3767 | D:5      | Noticed a vampire
  3783 | D:5      | Slain by a vampire

Illustrated notes

Levels and vault maps discovered:
D:1:      scummos_arrival_gate, layout_rooms,
          shapermc_ecumenical_altar_mp_ritualfount
D:2:      layout_loops_cross, serial_shops, nicolae_square_shop
D:3:      due_chaos_kobolds, layout_basic
D:4:      layout_layer_cave, nzn_wu_jian_contemplation, uniq_crazy_yiuf_cottage
D:5:      layout_basic, zin_treasury, guppyfry_shop_venom, uniq_duvessa

Skill      XL: |  1  2  3  4  5  6 |
---------------+-------------------+-----
Long Blades    | 2 3 4 |  4.6
Armour         | 1 2 |  2.3
Dodging        | 2 |  2.2
Fighting       | 2 3 |  3.1
Throwing       | |  0.8
Stealth        | |  0.7
Spellcasting   | |  2.5
Translocations | |  3.2

Action                     |  1- 3 |  4- 6 || total
---------------------------+-------+-------++-------
  Melee: Falchion          |   105 |   129 ||   234
         Bite              |    31 |    37 ||    68
         Punch             |       |     1 ||     1
   Cast: Blink             |     3 |       ||     3
    Use: Scroll            |     1 |     3 ||     4
         Potion            |     1 |     3 ||     4
 Armour: Leather armour    |    11 |       ||    11
         Chain mail        |    48 |   107 ||   155
  Dodge: Dodged            |    50 |    60 ||   110

Table legend: (Time is in decaauts)
 A = Elapsed time spent in this place.
 B = Non-inter-level travel time spent in this place.
 C = Inter-level travel time spent in this place.
 D = Time resting spent in this place.
 E = Time spent auto-exploring this place.
 F = Levels seen in this place.
 G = Mean time per level.
                   A        B        C        D        E       F      G
               +--------+--------+--------+--------+--------+-----+--------+
         Total |   3826 |   3745 |     81 |     49 |   2694 |   5 |  765.2 |
       Dungeon |   3826 |   3745 |     81 |     49 |   2694 |   5 |  765.2 |
               +--------+--------+--------+--------+--------+-----+--------+

Top non-repeatable levels by time:
     D:4: 1263 daAuts
     D:3: 1060 daAuts
     D:1: 778 daAuts
     D:2: 616 daAuts
     D:5: 108 daAuts
